 Dungeon Sprint DCSS version 0.28-a0-533-g9f97627e2a (webtiles) character file.

Game seed: 3044017054501317704

0 Conn the Firebug (level 1, 0/11 HPs)
             Began as an Octopode Fire Elementalist on Sept 26, 2021.
             Slain by a river rat (9 damage)
             ... in the Dungeon (Sprint IV: "Fedhas' Mad Dash").
             The game lasted 00:00:19 (15 turns).

Conn the Firebug (Octopode Fire Elementalist)         Turns: 15, Time: 00:00:19

Health: 0/11       AC:  1    Str:  7    XL:     1   Next: 0%
Magic:  2/3        EV: 13    Int: 17    God:
Gold:   0          SH:  0    Dex: 12    Spells: 3/4 levels left

rFire   . . .      SeeInvis .   (no weapon)
rCold   . . .      Faith    .   (no shield)
rNeg    . . .      Spirit   .   (helmet restricted)
rPois   .          Reflect  .   (no amulet)
rElec   .          Harm     .   (no ring)
rCorr   .          Rampage  .   (no ring)
Will    .....      NoTele   +   (no ring)
Stlth   +++.......              (no ring)
HPRegen 0.03/turn               (no ring)
MPRegen 0.08/turn               (no ring)
                                (no ring)
                                (no ring)

@: no status effects
A: almost no armour, amphibious, 8 rings, camouflage 1, gelatinous body 1,
(nimble swimmer 1), tentacles
a: no special abilities


You were in the Dungeon.
You visited 1 branch

Inventory:

Scrolls
 f - a scroll of blinking
Potions
 a - a potion of curing
 b - a potion of heal wounds
 c - a potion of haste
 d - a potion of magic
 e - a potion of berserk rage


   Skills:
 + Level 2.0 Dodging
 + Level 2.6 Stealth
 + Level 2.0 Spellcasting
 + Level 1.0 Conjurations
 + Level 3.0 Fire Magic


You had 3 spell levels left.
You knew the following spells:

 Your Spells              Type           Power      Damage    Failure   Level
a - Foxfire               Conj/Fire      32%        2x1d5     9%          1

Your spell library contained the following spells:

 Spells                   Type           Power      Damage    Failure   Level
 Scorch                   Fire           22%        2d6       9%          2
 Conjure Flame            Conj/Fire      8%         6-21      26%         3
 Inner Flame              Hex/Fire       6%         N/A       30%         3
 Flame Wave               Conj/Fire      8%         3d4       63%         4


Dungeon Overview and Level Annotations

Branches:
Dungeon (1/1)

Altars:


Innate Abilities, Weirdness & Mutations

You cannot wear most types of armour.
You are amphibious.
You can wear up to eight rings at the same time.
Your skin changes colour to match your surroundings (Stealth+).
Your rubbery body absorbs attacks. (AC +1, EV +1)
((You are camouflaged near water. (Stealth+)))
You have tentacles for arms and can constrict up to eight enemies at once.


Message History

Unknown command.
Casting: Foxfire (safe; 9% risk of failure)
Confirm with . or Enter, or press ? or * to list all spells.
You don't have enough magic to cast this spell.
Unknown command.
The foxfire hits the river rat.
The river rat is lightly wounded.
Unknown command.
Magic courses through your body.
Casting: Foxfire (safe; 9% risk of failure)
Confirm with . or Enter, or press ? or * to list all spells.
You conjure some foxfire!
The foxfire hits the river rat.
The river rat is moderately wounded.
Unknown command.
You tentacle-slap the river rat but do no damage.
You grab the river rat.
The river rat is moderately wounded.
You constrict the river rat, but do no damage.
The foxfire hits the river rat.
The river rat is heavily wounded.
Unknown command.
You tentacle-slap the river rat but do no damage.
You squeeze the river rat.
The river rat is severely wounded.
You constrict the river rat. The river rat bites you.
The rat completely misses you.
Unknown command.
You release your grip on the river rat.
There is a staircase leading out of the dungeon here.
You closely miss the river rat. You grab the river rat.
The river rat is severely wounded.
You constrict the river rat, but do no damage.
The river rat barely misses you.
The rat bites the fungus.
The fungus begins to die.
You tentacle-slap the river rat but do no damage.
The river rat is severely wounded.
You constrict the river rat, but do no damage.
The river rat bites you!
Ouch! That really hurt!
You die...

###### #####
#@rrP#.....#
#PP..'.(...+
#PPPP#.....#
###### #####


You could see a river rat and a rat.

Vanquished Creatures (collateral kills)
  2 foxfires (D)
2 creatures vanquished.

Vanquished Creatures (others)
  3 foxfires (D)
3 creatures vanquished.

Grand Total: 5 creatures vanquished

Notes
Turn   | Place    | Note
-------+----------+-------------------------------------------
     0 | D        | Conn the Octopode Fire Elementalist began the quest for the
                  | Orb.
     0 | D        | Reached XP level 1. HP: 11/11 MP: 3/3
    15 | D        | Slain by a river rat

Illustrated notes

Levels and vault maps discovered:
D:        dungeon_sprint_fedhas [sprint_temple]

Action                   || total
-------------------------++-------
Melee: Unarmed           ||     4
       Constrict         ||     2
       Tentacles         ||     1
 Cast: Foxfire           ||     4
  Use: Potion            ||     1
Dodge: Dodged            ||     2

Table legend: (Time is in decaauts)
 A = Elapsed time spent in this place.
 B = Non-inter-level travel time spent in this place.
 C = Inter-level travel time spent in this place.
 D = Time resting spent in this place.
 E = Time spent auto-exploring this place.
 F = Levels seen in this place.
 G = Mean time per level.
                   A        B        C        D        E       F      G
               +--------+--------+--------+--------+--------+-----+--------+
         Total |     15 |     15 |      0 |      0 |      1 |   1 |   15.0 |
       Dungeon |     15 |     15 |      0 |      0 |      1 |   1 |   15.0 |
               +--------+--------+--------+--------+--------+-----+--------+

Top non-repeatable levels by time:
       D: 15 daAuts
